 Dungeon Crawl Stone Soup version 0.31-a0-233-g139696dc86 (webtiles) character file.

Game seed: 16849807097596999120

42 garrulousMonolith the Firebug (level 3, -18/25 HPs)
             Began as a Gnoll Fire Elementalist on July 10, 2023.
             Demolished by a sleepcap (19 damage)
             ... on level 2 of the Dungeon.
             The game lasted 00:02:19 (1713 turns).

garrulousMonolith the Firebug (GnFE)                Turns: 1713, Time: 00:02:20

Health: -18/25     AC:  3    Str:  7    XL:     3   Next: 56%
Magic:  1/9        EV:  2    Int: 16    God:
Gold:   66         SH:  0    Dex: 12    Spells: 6/12 levels left

rFire   . . .        e - +0 hand axe
rCold   . . .        (no shield)
rNeg    . . .        k - +0 leather armour
rPois   .            (no helmet)
rElec   .            (no cloak)
rCorr   .            (no gloves)
SInv    .            (no boots)
Will    .....        (no amulet)
Stlth   ++           (no ring)
HPRegen 0.24/turn    (no ring)
MPRegen 0.11/turn

%: no passive effects
@: mighty, sleeping, invisible
A: fangs 1, strong nose, distributed training
a: no special abilities


You were on level 2 of the Dungeon.
You visited 1 branch of the dungeon, and saw 2 of its levels.

You collected 66 gold pieces.

Inventory:

Hand Weapons
 e - a +0 hand axe (weapon)
Missiles
 j - 3 poisoned darts
Armour
 a - a +0 robe
 k - a +0 leather armour (worn)
Magical Staves
 l - a staff of cold
Scrolls
 c - 4 scrolls of teleportation {unknown}
 m - a scroll of fog {unknown}
 n - a scroll of fear {unknown}
 t - a scroll of vulnerability {unknown}
Potions
 b - a potion of magic
 d - a potion of ambrosia {unknown}
 f - 2 potions of might
 g - a potion of invisibility
 h - a potion of berserk rage {unknown}
 i - a potion of heal wounds {unknown}
 o - 2 potions of brilliance {unknown}
 p - 2 potions of degeneration {unknown}
 q - 2 potions of haste {unknown}
 r - a potion of lignification {unknown}
 s - a potion of curing {unknown}


   Skills:
 + Level 0.9 Fighting
 + Level 0.9 Short Blades
 + Level 0.9 Long Blades
 + Level 0.9 Axes
 + Level 0.9 Maces & Flails
 + Level 0.9 Polearms
 + Level 0.9 Staves
 + Level 0.9 Ranged Weapons
 + Level 0.9 Throwing
 + Level 0.9 Armour
 + Level 4.5 Dodging
 + Level 4.2 Stealth
 + Level 0.9 Shields
 + Level 0.9 Unarmed Combat
 + Level 5.0 Spellcasting
 + Level 2.1 Conjurations
 + Level 0.6 Hexes
 + Level 0.6 Summonings
 + Level 0.6 Necromancy
 + Level 0.6 Translocations
 + Level 0.6 Transmutations
 + Level 5.4 Fire Magic
 + Level 0.6 Ice Magic
 + Level 0.6 Air Magic
 + Level 0.6 Earth Magic
 + Level 0.6 Poison Magic
 + Level 1.0 Invocations
 + Level 0.9 Evocations


You had 6 spell levels left.
You knew the following spells:

 Your Spells              Type           Power      Damage    Failure   Level
a - Foxfire               Conj/Fire      64%        2x1d7     4%          1
b - Scorch                Fire           42%        2d7       3%          2
c - Volatile Blastmotes   Fire/Tloc      26%        2d12      19%         3

Your spell library contained the following spells:

 Spells                   Type           Power      Damage    Failure   Level
 Inner Flame              Hex/Fire       13%        N/A       19%         3
 Flame Wave               Conj/Fire      16%        2d7       43%         4
 Fireball                 Conj/Fire      8%         3d6       78%         5
 Iskenderun's Battlesphe  Conj           10%        2d6       94%         5
 Conjure Ball Lightning   Conj/Air       4%         3x3d6     100%        6
 Orb of Destruction       Conj           5%         9d5       100%        7


Dungeon Overview and Level Annotations

Branches:
Dungeon (2/15)

Altars:


Innate Abilities, Weirdness & Mutations

You have very sharp teeth.
Your uncanny sense of smell can sniff out nearby items.
Your experience applies equally to all skills.


Message History

The sleepcap is lightly damaged.
The foxfire hits the sleepcap but does no damage.
The sleepcap is lightly damaged.
The sleepcap releases spores at you!
You wake up.
Ouch! That really hurt!
* * * LOW HITPOINT WARNING * * *
You are engulfed in a cloud of soporific spores!
You are unaffected.
The sleepcap releases spores at you.
* * * LOW HITPOINT WARNING * * *
You are engulfed in a cloud of soporific spores!
You are unaffected.
Okay, then.
The foxfire hits the sleepcap.
The sleepcap is moderately damaged.
Your magical contamination has completely faded away.
It was a potion of might.
You feel very mighty all of a sudden. The sleepcap misses you.
It was a potion of invisibility.
You fade into invisibility!
The sleepcap barely misses you.
Casting: Foxfire (safe; 4% risk of failure)
Confirm with . or Enter, or press ? or * to list all spells.
You conjure some foxfire!
The sleepcap closely misses you.
The foxfire hits the sleepcap.
The sleepcap is moderately damaged.
The sleepcap barely misses you.
Casting: Foxfire (safe; 4% risk of failure)
Confirm with . or Enter, or press ? or * to list all spells.
Flames lash the sleepcap.
The sleepcap is almost destroyed.
The sleepcap's fire resistance burns away.
The sleepcap releases spores at you.
* * * LOW HITPOINT WARNING * * *
You are engulfed in a cloud of soporific spores!
You fall asleep.
The sleepcap releases spores at you!!
Ouch! That really hurt!
You die...

# .# ####### ..
....>.## .#
##...##### ##.
#......... # #..
#....###.# #.
#.#######.#.## #v#
.#.#..#f#..)....###
#.# .......@.)#######
#.# .###.##.#.# #.#
#.....v....... #.#
####.#.#######.####.#
#.#.# #....... #.#.#
######.# #.#.# #.#
#.#.# #.# ... #.#


You could see a sleepcap (unable to see you, combustible).

Vanquished Creatures
  2 dart slugs (D:1)
  5 ball pythons
  4 endoplasms
  2 giant cockroaches
  3 hobgoblins
  2 jackals (D:1)
  2 kobolds
  2 quokkas (D:2)
  4 bats
  4 goblins
  3 rats
33 creatures vanquished.

Vanquished Creatures (others)
  106 foxfires
106 creatures vanquished.

Grand Total: 139 creatures vanquished

Notes
Turn   | Place    | Note
-------+----------+-------------------------------------------
     0 | D:1      | garrulousMonolith the Gnoll Fire Elementalist began the
                  | quest for the Orb.
     0 | D:1      | Reached XP level 1. HP: 13/13 MP: 6/6
   320 | D:1      | Reached XP level 2. HP: 19/19 MP: 3/7
   411 | D:1      | Learned a level 2 spell: Scorch
   987 | D:1      | Reached skill level 5 in Spellcasting
   987 | D:1      | Reached XP level 3. HP: 25/25 MP: 5/9
   999 | D:1      | Learned a level 3 spell: Volatile Blastmotes
  1500 | D:2      | Reached skill level 1 in Invocations
  1712 | D:2      | HP: 1/25 [sleepcap (5)]
  1713 | D:2      | Demolished by a sleepcap

Illustrated notes

Levels and vault maps discovered:
D:1:      evilmike_arrival_crescent, layout_loops_ring, supply_closet_lemuel
D:2:      layout_loops_ring

Skill      XL: |  1  2  3 |
---------------+----------+-----
Conjurations   | 2 |  2.1
Spellcasting   | 5 |  5.0
Invocations    | 1 |  1.0
Fighting       | |  0.9
Short Blades   | |  0.9
Long Blades    | |  0.9
Axes           | |  0.9
Maces & Flails | |  0.9
Polearms       | |  0.9
Staves         | |  0.9
Ranged Weapons | |  0.9
Throwing       | |  0.9
Armour         | |  0.9
Dodging        | |  4.5
Stealth        | |  4.2
Shields        | |  0.9
Unarmed Combat | |  0.9
Hexes          | |  0.6
Summonings     | |  0.6
Necromancy     | |  0.6
Translocations | |  0.6
Transmutations | |  0.6
Fire Magic     | |  5.4
Ice Magic      | |  0.6
Air Magic      | |  0.6
Earth Magic    | |  0.6
Poison Magic   | |  0.6
Evocations     | |  0.9

Action                     || total
---------------------------++-------
  Melee: Hand axe          ||     3
   Cast: Foxfire           ||    79
         Scorch            ||     1
    Use: Potion            ||     2
 Armour: Leather armour    ||     2
  Dodge: Dodged            ||    24

Table legend: (Time is in decaauts)
 A = Elapsed time spent in this place.
 B = Non-inter-level travel time spent in this place.
 C = Inter-level travel time spent in this place.
 D = Time resting spent in this place.
 E = Time spent auto-exploring this place.
 F = Levels seen in this place.
 G = Mean time per level.
                   A        B        C        D        E       F      G
               +--------+--------+--------+--------+--------+-----+--------+
         Total |   1713 |   1650 |     63 |     23 |   1318 |   2 |  856.5 |
       Dungeon |   1713 |   1650 |     63 |     23 |   1318 |   2 |  856.5 |
               +--------+--------+--------+--------+--------+-----+--------+

Top non-repeatable levels by time:
     D:1: 1260 daAuts
     D:2: 452 daAuts
